 Dungeon Crawl Stone Soup version 0.31-a0-1549-g5ff9445e89 (webtiles) character file.

Game seed: 11082552726961267790

177 grandjackal the Chopper (level 5, -13/42 HPs)
             Began as a Demonspawn Gladiator on Jan 2, 2024.
             Was an Initiate of Okawaru.
             Mangled by an ogre
             ... wielding a +0 giant spiked club
              (24 damage)
             ... on level 4 of the Dungeon.
             The game lasted 00:01:57 (2630 turns).

grandjackal the Chopper (Demonspawn Gladiator)      Turns: 2630, Time: 00:01:57

Health: -13/42     AC: 10    Str: 16    XL:     5   Next: 30%
Magic:  6/6        EV: 11    Int:  9    God:    Okawaru [......]
Gold:   132        SH:  0    Dex: 14    Spells: 4/4 levels left

rFire   . . .        a - +0 war axe
rCold   . . .        (no shield)
rNeg    . . .        o - +0 ring mail
rPois   .            c - +0 helmet
rElec   .            (no cloak)
rCorr   .            (no gloves)
SInv    .            i - +1 pair of boots
Will    .....        (no amulet)
Stlth   +            (no ring)
HPRegen 0.27/turn    (no ring)
MPRegen 0.10/turn

%: no passive effects
@: no status effects
A: hooves 1, yellow scales 1
a: Renounce Religion


You were on level 4 of the Dungeon.
You worshipped Okawaru.
Okawaru was noncommittal.
You visited 1 branch of the dungeon, and saw 4 of its levels.

You collected 132 gold pieces.

Inventory:

Hand Weapons
 a - a +0 war axe (weapon)
 s - a +0 flail
Missiles
 d - a throwing net (quivered)
 e - 5 javelins
Armour
 c - a +0 helmet (worn)
 i - a +1 pair of boots (worn)
 o - a +0 ring mail (worn)
Scrolls
 f - 2 scrolls of summoning {unknown}
 g - 2 scrolls of identify {unknown}
 h - a scroll of enchant weapon {unknown}
 k - a scroll of vulnerability {unknown}
 m - a scroll of silence {unknown}
 n - 2 scrolls of amnesia {unknown}
 r - a scroll of teleportation {unknown}
Potions
 b - a potion of curing {unknown}
 j - a potion of heal wounds {unknown}
 l - a potion of mutation {unknown}
 p - a potion of enlightenment {unknown}
 q - a potion of berserk rage {unknown}


   Skills:
 + Level 3.7 Fighting
 + Level 3.9 Axes
 - Level 2.0 Throwing
 - Level 3.0 Dodging
 + Level 2.5 Invocations


You had 4 spell levels left.
You didn't know any spells.
Your spell library contained the following spells:

 Spells                   Type           Power      Damage    Failure   Level
 Foxfire                  Conj/Fire      0%         2x1d4     61%         1
 Blink                    Tloc           0%         N/A       75%         2
 Gell's Gravitas          Tloc           0%         N/A       93%         3
 Fulminant Prism          Conj/Alch      0%         3d5       100%        4
 Plasma Beam              Fire/Air       0%         2x1d10    100%        6
 Starburst                Conj/Fire      0%         6d3       100%        6


Dungeon Overview and Level Annotations

Branches:
Dungeon (4/15)
 Temple: D:4-7

Altars:
Ashenzari
Okawaru
Sif Muna

Annotations:
D:2 1 runed translucent door, Crazy Yiuf


Innate Abilities, Weirdness & Mutations

You have large cloven feet.
You are partially covered in yellow scales. (AC +2)


Message History

Throw: 3 throwing nets
Press: ? - help, Q - select action, (/) - cycle Shift-Dir - straight line, f - ogre
Aim: an ogre, wielding a +0 giant spiked club (73% to hit)
You throw a throwing net. The throwing net hits the ogre.
The ogre is caught in the net!
The ogre struggles against the net.
You hit the ogre.
The ogre is moderately wounded.
The ogre struggles against the net. x2
You hit the ogre.
The ogre is moderately wounded.
You hit the adder. The adder bites you.
You are poisoned.
The adder poisons you! The adder misses you.
The ogre struggles against the net.
You barely miss the adder.
The adder is heavily wounded.
You slash the ogre!
You feel sick. The adder misses you.
The ogre struggles against the net.
The net rips apart, and the ogre comes free!
The adder closely misses you.
Unknown command.
You barely miss the ogre.
The ogre is severely wounded.
You barely miss the adder.
You feel sick.
The ogre hits you with a +0 giant spiked club!!
Ouch! That really hurt!
The adder bites you.
* * * LOW HITPOINT WARNING * * *
Throw: 2 throwing nets
Press: ? - help, Q - select action, (/) - cycle Shift-Dir - straight line, f/p - ogre
Aim: an ogre, wielding a +0 giant spiked club (severely wounded, 73% to hit)
You throw a throwing net.
The throwing net barely misses the ogre.
You feel sick.
You are no longer poisoned.
The adder barely misses you.
The ogre hits you with a +0 giant spiked club!!
Ouch! That really hurt!
You die...

##### .
##...###
..###......
.<........ ##.
#......##....
#...<...?#
##...@.##.#..
#....OS......
#.....>.......
#.............
.........##...#
.......(.# ...#
.......#.. ...
....... .. ..
....... ...


You could see an ogre and an adder.

Vanquished Creatures
  A bombardier beetle (D:3)
  An iguana (D:3)
  Jessica (D:2)
  4 gnolls (D:3)
  An adder (D:2)
  A ribbon worm (D:3)
  4 orcs (D:3)
  6 endoplasms
  A giant cockroach (D:2)
  A goblin (D:1)
  3 hobgoblins
  2 quokkas
  4 ball pythons
  A bat (D:2)
  2 frilled lizards (D:3)
  3 kobolds
  3 rats
39 creatures vanquished.

Notes
Turn   | Place    | Note
-------+----------+-------------------------------------------
     0 | D:1      | grandjackal the Demonspawn Gladiator began the quest for
                  | the Orb.
     0 | D:1      | Reached XP level 1. HP: 16/16 MP: 1/1
   309 | D:1      | Got the Opusculum on Unstable Position
   760 | D:2      | Gained mutation: You are partially covered in yellow
                  | scales. (AC +2) [demonic ancestry]
   760 | D:2      | Reached XP level 2. HP: 20/22 MP: 2/2
   987 | D:2      | Noticed Jessica
  1009 | D:2      | Killed Jessica
  1010 | D:2      | Reached XP level 3. HP: 7/28 MP: 3/3
  1168 | D:2      | Found a runed translucent door.
  1169 | D:2      | Noticed Crazy Yiuf
  1553 | D:3      | Found a shimmering blue altar of Sif Muna.
  1554 | D:3      | Found an iron altar of Okawaru.
  1554 | D:3      | Found a broken altar of Ashenzari.
  1559 | D:3      | Became a worshipper of Warmaster Okawaru
  1932 | D:3      | Gained mutation: You have large cloven feet. [demonic
                  | ancestry]
  1932 | D:3      | Reached XP level 4. HP: 35/35 MP: 4/4
  2088 | D:3      | Reached skill level 1 in Invocations
  2532 | D:3      | Reached XP level 5. HP: 33/41 MP: 6/6
  2564 | D:4      | Noticed an ogre
  2630 | D:4      | Mangled by an ogre

Illustrated notes

Levels and vault maps discovered:
D:1:      dpeg_arrival_rhombus, layout_loops_ring
D:2:      layout_rooms, uniq_crazy_yiuf_cottage, uniq_jessica
D:3:      layout_basic, chequers_temple_overflow_statue_of_worship,
          nicolae_hexahallways, grunt_ministairs_9,
          hangedman_abyss_or_decor_stabs
D:4:      layout_cave_pools, mainiacjoe_overflow_small_starburst,
          minmay_manual_mullet

Skill      XL: |  1  2  3  4 |
---------------+-------------+-----
Throwing       | 2 |  2.0
Axes           | 3 |  3.9
Dodging        | 3 |  3.0
Fighting       | 3 |  3.7
Invocations    | 2 |  2.5

Action                     |  1- 3 |  4- 6 || total
---------------------------+-------+-------++-------
  Melee: War axe           |    92 |    44 ||   136
         Punch             |       |     1 ||     1
  Throw: Throwing net      |       |     2 ||     2
 Armour: Leather armour    |    30 |       ||    30
         Ring mail         |    39 |    33 ||    72
  Dodge: Dodged            |    48 |    42 ||    90

Table legend: (Time is in decaauts)
 A = Elapsed time spent in this place.
 B = Non-inter-level travel time spent in this place.
 C = Inter-level travel time spent in this place.
 D = Time resting spent in this place.
 E = Time spent auto-exploring this place.
 F = Levels seen in this place.
 G = Mean time per level.
                   A        B        C        D        E       F      G
               +--------+--------+--------+--------+--------+-----+--------+
         Total |   2689 |   2629 |     60 |    253 |   1992 |   4 |  672.2 |
       Dungeon |   2689 |   2629 |     60 |    253 |   1992 |   4 |  672.2 |
               +--------+--------+--------+--------+--------+-----+--------+

Top non-repeatable levels by time:
     D:3: 1247 daAuts
     D:1: 717 daAuts
     D:2: 709 daAuts
     D:4: 15 daAuts
